cohdb
Replays
Latest Replays
All Replays
Popular Replays
Top Player Replays
Match Explorer
How It Works
Community
CoH3 Stats
Reddit
Sign in to upload your games and track your stats! →
Sign in with Steam
Match 37340596
Unlisted
Match 37340596
Overview
Messages
Build Orders
End
Panzergrenadier Squad
250 Light Carrier
Selects Italian Infantry
Construct Light Support Kompanie
MG34 Team
MG34 Team
Fire Support Elements
Selects Guastatori Squad
Guastatori Squad
Guastatori Squad
Pak 38 Mechanized Group
Selects L6/40 Light Tank Combat Group
Selects Towed Cannone da 105/28 Field Howitzer
Towed Cannone da 105/28 Field Howitzer
Selects Sound the Alarm
Selects Territory Booby Traps
Selects Obice 305mm Barrage
Obice 305mm Barrage
Guastatori Squad
Towed Cannone da 105/28 Field Howitzer
Construct Panzerarmee Kommand
Armored Reserves
2.5-tonne Medical Truck
Obice 305mm Barrage
Tiger Heavy Tank
我的盲人队友爱种田
皮皮
76561197987473845
Voodoo408
lemerman9
gabman6
CoH3Master
ChuckleBerry
0
0
Comments
sign in to comment!
No comments posted yet!